 Dungeon Crawl Stone Soup version 0.31-a0-851-g7ff8af7976 (webtiles) character file.

Game seed: 16738455942322192146

184 Warped the Cudgeller (level 5, -4/55 HPs)
             Began as an Ogre Gladiator on Oct 7, 2023.
             Slain by an ogre
             ... wielding a +0 giant spiked club
              (23 damage)
             ... on level 4 of the Dungeon.
             The game lasted 00:03:38 (2806 turns).

Warped the Cudgeller (Ogre Gladiator)               Turns: 2806, Time: 00:03:39

Health: -4/55      AC:  3    Str: 19 (20) XL:     5   Next: 64%
Magic:  5/5        EV: 10    Int:  7 (9)  God:
Gold:   118        SH:  0    Dex:  9 (10) Spells: 4/4 levels left

rFire   . . .        a - +0 flail
rCold   . . .        (no shield)
rNeg    . . .        b - +0 robe
rPois   .            c - +0 hat
rElec   .            (no cloak)
rCorr   .            (gloves unavailable)
SInv    .            (boots unavailable)
Will    +....        (no amulet)
Stlth   +            q - ring of willpower
HPRegen 0.29/turn    (no ring)
MPRegen 0.09/turn

%: clarity
@: no status effects
A: large, unfitting armour, tough skin 1, clarity, robust 1, MP-powered wands
a: no special abilities


You were on level 4 of the Dungeon.
You visited 1 branch of the dungeon, and saw 4 of its levels.

You collected 118 gold pieces.

Inventory:

Hand Weapons
 a - a +0 flail (weapon)
 i - a +0 halberd
Missiles
 d - 3 throwing nets (quivered)
 e - a large rock
 w - 6 stones
Armour
 b - a +0 robe (worn)
 c - a +0 hat (worn)
Magical Staves
 n - a staff of earth
Jewellery
 q - a ring of willpower (left hand)
 s - a ring of ice
Talismans
 r - a talisman of death
 v - a storm talisman
Wands
 m - a wand of flame (22)
Scrolls
 f - a scroll of torment {unknown}
 g - 5 scrolls of teleportation {unknown}
 j - 2 scrolls of amnesia {unknown}
 k - a scroll of enchant weapon {unknown}
 l - 2 scrolls of identify {unknown}
 o - a scroll of summoning {unknown}
 p - a scroll of blinking {unknown}
 x - a scroll of poison {unknown}
Potions
 u - a potion of berserk rage {unknown}


   Skills:
 - Level 2.6 Fighting
 + Level 5.6 Maces & Flails
 - Level 2.0 Throwing
 - Level 2.6 Dodging


You had 4 spell levels left.
You didn't know any spells.
Your spell library contained the following spells:

 Spells                   Type           Power      Damage    Failure   Level
 Hailstorm                Conj/Ice       0%         3d3       80%         3
 Inner Flame              Hex/Fire       0%         N/A       80%         3
 Summon Ice Beast         Ice/Summ       0%         N/A       99%         4
 Yara's Violent Unravell  Hex/Tmut       0%         3d3       100%        5
 Simulacrum               Ice/Necr       0%         N/A       100%        6
 Enfeeble                 Hex            0%         N/A       100%        7


Dungeon Overview and Level Annotations

Branches:
Dungeon (4/15)
 Temple: D:4-7

Altars:
Gozag
Nemelex Xobeh
Zin


Innate Abilities, Weirdness & Mutations

You are too large for most types of armour.
You have tough skin. (AC +1)
You possess an exceptional clarity of mind.
You are robust. (+10% HP)
You expend magic power (3 MP) to strengthen your wands.


Message History

An ogre comes into view. It is wielding a +0 giant spiked club.
An ogre is nearby!
The ogre shouts!
Aiming: Throw Flame
Press: ? - help, Shift-Dir - straight line, f - ogre
Aim: an ogre, wielding a +0 giant spiked club (85% to hit)
The puff of flame hits the ogre!
The ogre is moderately wounded.
It was a potion of degeneration.
There was something very wrong with that liquid.
You feel weakened.
You feel dopey.
You feel clumsy.
It was a potion of mutation.
You feel extremely strange.
You feel robust.
You feel your magical essence link to the dungeon's wands.
Your thoughts seem clearer.
The ogre closely misses you.
You hit the ogre.
The ogre is heavily wounded.
The ogre barely misses you.
You hit the ogre.
The ogre is severely wounded.
You barely miss the ogre.
The ogre is severely wounded.
The ogre hits you with a +0 giant spiked club!
You hit the ogre.
The ogre is almost dead.
The ogre hits you with a +0 giant spiked club!!
You barely miss the ogre.
The ogre is almost dead.
A dart slug comes into view.
The ogre closely misses you.
You barely miss the ogre.
The ogre is almost dead.
You barely miss the ogre.
The ogre is almost dead.
The ogre barely misses you.
You hit the ogre but do no damage.
The ogre is almost dead.
The ogre hits you with a +0 giant spiked club!!
You die...

.. ..# ... .. ...
... .##.# #.# .#.#
#.# # ... #.# #.#.
#.# #.#
#....#.####.#
#....O@..[..#######
..w....$#..........#
.....##.##########.#
#....# #.. ..##.#
#..# #.# #.##.# #[.#
#.# #.##.# #..# #.#
##.##.# #..# #.#
#.....# #..# #..####


You could see an ogre and a dart slug.

Vanquished Creatures
  Jessica (D:2)
  4 gnolls (D:4)
  5 adders
  A worm (D:2)
  2 dart slugs (D:1)
  An orc (D:3)
  7 ball pythons
  5 endoplasms
  2 giant cockroaches (D:3)
  8 hobgoblins
  4 jackals (D:2)
  4 quokkas
  5 bats
  3 frilled lizards (D:2)
  6 goblins
  4 kobolds (D:1)
  5 rats
67 creatures vanquished.

Notes
Turn   | Place    | Note
-------+----------+-------------------------------------------
     0 | D:1      | Warped the Ogre Gladiator began the quest for the Orb.
     0 | D:1      | Reached XP level 1. HP: 22/22 MP: 1/1
    29 | D:1      | Reached skill level 3 in Maces & Flails
    35 | D:1      | Reached XP level 2. HP: 24/29 MP: 2/2
   405 | D:1      | Reached XP level 3. HP: 36/36 MP: 3/3
   502 | D:1      | Found a sparkling altar of Nemelex Xobeh.
   677 | D:2      | Reached skill level 4 in Maces & Flails
  1062 | D:2      | Found a glowing silver altar of Zin.
  1136 | D:2      | Reached XP level 4. HP: 38/44 MP: 4/4
  1341 | D:2      | Noticed Jessica
  1346 | D:2      | Killed Jessica
  2194 | D:3      | Reached skill level 5 in Maces & Flails
  2194 | D:3      | Reached XP level 5. HP: 36/50 MP: 5/5
  2309 | D:3      | Found an opulent altar of Gozag.
  2793 | D:4      | Noticed an ogre
  2798 | D:4      | Gained mutation: You are robust. (+10% HP) [potion of
                  | mutation]
  2798 | D:4      | Gained mutation: You expend magic power (3 MP) to
                  | strengthen your wands. [potion of mutation]
  2798 | D:4      | Gained mutation: You possess an exceptional clarity of
                  | mind. [potion of mutation]
  2806 | D:4      | Slain by an ogre

Illustrated notes

Levels and vault maps discovered:
D:1:      sevenhm_arrival_forest_fort_small_6, layout_rooms
D:2:      minmay_diamond_boxcup, layout_basic, basic_altar, minivault_4,
          uniq_jessica
D:3:      layout_rooms, grunt_gozag_statues, chequers_serial_rivers_micro_a
D:4:      layout_loops_ring, grunt_temple_overflow_open,
          nicolae_shop_i_like_small_books_too

Skill      XL: |  1  2  3  4 |
---------------+-------------+-----
Maces & Flails | 3 4 5 |  5.6
Fighting       | |  2.6
Throwing       | |  2.0
Dodging        | |  2.6

Action                     |  1- 3 |  4- 6 || total
---------------------------+-------+-------++-------
  Melee: Flail             |   129 |   100 ||   229
  Evoke: Wand              |       |     1 ||     1
    Use: Potion            |       |     4 ||     4
   Stab: Sleeping          |     1 |       ||     1
 Armour: Robe              |   115 |    85 ||   200
  Dodge: Dodged            |    92 |    70 ||   162

Table legend: (Time is in decaauts)
 A = Elapsed time spent in this place.
 B = Non-inter-level travel time spent in this place.
 C = Inter-level travel time spent in this place.
 D = Time resting spent in this place.
 E = Time spent auto-exploring this place.
 F = Levels seen in this place.
 G = Mean time per level.
                   A        B        C        D        E       F      G
               +--------+--------+--------+--------+--------+-----+--------+
         Total |   2847 |   2790 |     57 |    243 |   2039 |   4 |  711.8 |
       Dungeon |   2847 |   2790 |     57 |    243 |   2039 |   4 |  711.8 |
               +--------+--------+--------+--------+--------+-----+--------+

Top non-repeatable levels by time:
     D:2: 1091 daAuts
     D:3: 974 daAuts
     D:1: 637 daAuts
     D:4: 144 daAuts
